 Dungeon Crawl Stone Soup version 0.19.4-10-g532645f (webtiles) character file.

40982 galech the Basher (level 14, 0/88 HPs)
             Began as a Gargoyle Fighter on Feb 23, 2017.
             Was a High Priest of Elyvilon.
             Killed by divine providence
             ... invoked by a smoke demon
              (8 damage)
             ... on level 2 of the Abyss.
             The game lasted 00:56:31 (20720 turns).

galech the Basher (Gargoyle Fighter)               Turns: 20720, Time: 00:56:32

Health: 0/88       AC: 24    Str: 25    XL:     14   Next: 13%
Magic:  0/23       EV: 14    Int: 13    God:    Elyvilon [*****.]
Gold:   1286       SH: 14    Dex:  9    Spells: 0 memorised, 13 levels left

rFire  . . .     SeeInvis .     X - +5 flail
rCold  + . .     Gourm    .     d - +0 ring mail of Homnubuok {rC+ MR+ Int+2}
rNeg   + . .     Faith    .     c - +1 shield
rPois  ∞         Spirit   +     Q - +2 hat {MR+}
rElec  +         Reflect  .     w - +0 cloak
rCorr  .         Harm     .     D - +0 pair of gloves
MR     ++++.                    F - +2 pair of boots
Stlth  ++........               p - amulet of guardian spirit
                                S - ring of magical power
                                N - ring of flight

@: flying
A: antennae 1, big wings, claws 1, iridescent scales 1, blurry vision 3, clever
1, deformed body, deterioration 2, low mp 1, magic resistance 1, negative energy
resistance 1, electricity resistance, slow regeneration 1, unbreathing,
petrification resistance, rot immunity, subdued magic 2, AC +9
a: Stop Flying, Lesser Healing, Heal Other, Purification, Greater Healing,
Divine Vigour, Divine Protection, Renounce Religion


You were on level 2 of the Abyss.
You worshipped Elyvilon.
Elyvilon was extremely pleased with you.
You were hungry.

You visited 3 branches of the dungeon, and saw 15 of its levels.
You visited the Abyss 1 time.
You also visited: Sewer.

You collected 1286 gold pieces.

Inventory:

Hand Weapons
 q - a +2 morningstar of protection
 U - a +2 dire flail of holy wrath
 X - a +5 flail (weapon)
Armour
 c - a +1 shield (worn)
 d - the +0 ring mail of Homnubuok (worn) {rC+ MR+ Int+2}
   (You found it on level 5 of the Dungeon)

   It affects your intelligence (+2).
   It protects you from cold.
   It affects your resistance to hostile enchantments.
 w - a +0 cloak (worn)
 B - the +0 plate armour of a sewer {Int+2}
   (You found it on level 4 of the Dungeon)

   It affects your intelligence (+2).
 D - a +0 pair of gloves (worn)
 F - a +2 pair of boots (worn)
 G - a cursed +0 plate armour
 Q - a +2 hat of magic resistance (worn)
 R - a +0 chain mail of positive energy
Rods
 a - a +2 iron rod (13/13)
   (You found it on level 12 of the Dungeon)
 P - a +1 iron rod (11/11)
   (You took it off an orc on level 8 of the Dungeon)
Jewellery
 p - an amulet of guardian spirit (around neck)
 v - a +4 ring of protection
 y - a +2 ring of protection
 E - an uncursed amulet of harm
 N - a ring of flight (left hand)
 S - a ring of magical power (right hand)
 V - an uncursed ring of fire
Wands
 l - a wand of paralysis (12/24)
Scrolls
 b - 2 scrolls of identify
 e - 2 scrolls of amnesia
 g - 4 scrolls of fear
 j - 6 scrolls of remove curse
 n - 2 scrolls of random uselessness
 z - 2 scrolls of blinking
 L - 4 scrolls of fog
 O - a scroll of enchant armour
Potions
 h - 6 potions of flight {unknown}
 i - a potion of degeneration {unknown}
 k - 9 potions of curing {unknown}
 r - 2 potions of cancellation {unknown}
 s - a potion of lignification
 t - 4 potions of brilliance {unknown}
 u - a potion of berserk rage {unknown}
 x - 2 potions of ambrosia
 J - 2 potions of resistance
 K - 3 potions of magic {unknown}
 M - a potion of invisibility {unknown}
Miscellaneous
 T - a box of beasts
Comestibles
 f - 6 bread rations
 m - 9 slices of pizza
 o - 8 beef jerkies
 A - 8 meat rations
 C - 2 royal jellies
 H - 2 fruits
 I - 6 chunks of flesh


   Skills:
 + Level 10.5 Fighting
 + Level 13.9 Maces & Flails
 + Level 9.0 Armour
 + Level 7.1 Dodging
 + Level 3.7 Stealth
 + Level 13.5 Shields
 + Level 3.2 Invocations
 + Level 0.3 Evocations


You had 13 spell levels left.
You didn't know any spells.

Dungeon Overview and Level Annotations

Branches:
Dungeon (12/15)            Temple (0/1) D:7            Lair (1/6) D:11
    Orc (2/2) D:11            Elf (0/3) Orc:2

Altars:
Dithmenos
Hepliaklqana
Nemelex Xobeh
Sif Muna
Trog
Vehumet
Zin
Beogh

Shops:
D:4 =   D:10 !   D:11 }

Annotations:
Orc:2 Sonja


Innate Abilities, Weirdness & Mutations

You are resistant to torment.
Your stone body is resilient. (AC +9)
You are immune to poison.
Your large and strong wings let you fly indefinitely.
You resist negative energy. (rN+)
You are resistant to electric shocks. (rElec)
You can survive without breathing.
You are immune to petrification.
You are immune to rotting.
You have a pair of small antennae on your head.
You have sharp fingernails.
You are partially covered in iridescent scales. (AC +2)
Your mind is acute. (Int +2)
Armour fits poorly on your strangely shaped body.
Your magical capacity is low. (-10% MP)
You are resistant to hostile enchantments. (MR+)
You regenerate slowly when monsters are visible.
Your spells are easier to cast, but less powerful.
[Scrolls take you much longer to read.]
[Your body often deteriorates upon taking damage.]


Message History

The cacodemon shouts!
You block the starspawn tentacle's attack.
A sixfirhy comes into view.
The cacodemon gestures at you.
Strange energies course through your body.
Your body twists and deforms.
The cacodemon gestures at you. You resist with almost no effort.
You block the sun demon's attack.
A smoke demon comes into view.
The smoke demon moves out of view.
The cacodemon gestures at you.
Strange energies course through your body.
You feel less energetic.
The smoke demon roars!
The cacodemon gestures at you.
Strange energies course through your body.
The smoke demon gestures at you. Something smites you!
You die...

##≈≈≈≈ ≈ # .♣≈≈≈♣≈ #.
≈≈≈≈3≈ . ..≈♣≈≈≈≈#
###.#.. . #
.≈≈≈≈≈≈≈≈#....#.. .
.♣≈≈≈≈≈≈#...#..#..#..
.. ............... ....
}.. .. #@.##. # .##. ##
#..##.3##..##..##.. .
................... . .
.........4......... . .
##..##..##..##..##..##.
#..##..##..##..# ..##.
.....2.................
.................. ..
..##..##..##..##..# .


You could see a cacodemon, a sun demon, an orange demon and a smoke demon.

Vanquished Creatures
  Gastronok (Orc:1)
  An orc warlord (Orc:2)
  2 minotaurs
  Erolcha (D:11)
  Erica (D:9)
  An orc high priest (Orc:1)
  The ghost of tof the Arsonist, a novice DrFE of Sif Muna (D:8)
  4 death yaks
  A spatial maelstrom (Abyss:2)
  2 unseen horrors
  5 hill giants
  Pikel (D:9)
  The ghost of Brouzouf the Archer, a novice CeHu of Okawaru (D:6)
  2 orc sorcerers (Orc:2)
  A deep elf mage (D:12)
  A manticore (D:12)
  2 ugly things
  A cyclops (D:12)
  A rust devil (Abyss:2)
  Joseph (D:9)
  A black mamba (Lair:1)
  A centaur zombie (D:11)
  2 spiny frogs (Lair:1)
  2 kobold demonologists (D:12)
  8 yaktaurs (D:12)
  2 komodo dragons
  4 trolls
  4 two-headed ogres
  4 raiju (Abyss:2)
  6 hippogriffs
  Sigmund (D:4)
  2 wraiths (D:11)
  A human (D:8)
  20 yaks
  2 vampires
  4 hogs (D:8)
  3 vampire mosquitoes (D:12)
  A neqoxec (Abyss:2)
  A spatial vortex (Abyss:2)
  4 wargs
  A mottled dragon (D:11)
  A large abomination (Abyss:2)
  2 water moccasins
  A hornet zombie (D:11)
  5 porcupines
  19 orc warriors
  2 phantoms
  4 sky beasts
  An ice beast (D:11)
  6 ogres
  An eye of draining (D:10)
  2 necrophages
  4 wolves (Lair:1)
  12 centaurs
  3 crocodiles (Lair:1)
  4 big kobolds
  8 bullfrogs
  5 scorpions
  6 killer bees (D:8)
  21 wights
  2 electric eels (D:8)
  3 howler monkeys
  2 crimson imps
  2 bullfrog zombies
  9 hounds
  4 jellies
  A quasit (D:12)
  2 centaur skeletons
  11 orc priests
  21 orc wizards
  3 bullfrog skeletons
  4 iguanas
  8 worker ants
  A hell rat (D:11)
  4 hound skeletons
  2 worker ant zombies
  3 river rats
  11 adders
  10 gnolls (D:12)
  A howler monkey skeleton (D:5)
  3 shadow imps
  An ufetubus (Abyss:2)
  An ooze (D:1)
  2 worms
  10 leopard geckos
  73 orcs
  A ball python (D:1)
  8 giant cockroaches
  5 goblins
  5 hobgoblins
  8 jackals
  25 kobolds
  9 quokkas
  10 bats
  6 frilled lizards
  2 leopard gecko skeletons (D:7)
  13 rats
498 creatures vanquished.

Vanquished Creatures (others)
  An orc priest (Orc:2)
  A plant (Lair:1)
  9 starspawn tentacles (Abyss:2)
11 creatures vanquished.

Grand Total: 509 creatures vanquished

Notes
Turn   | Place    | Note
-------+----------+-------------------------------------------
     0 | D:1      | galech the Gargoyle Fighter began the quest for the Orb.
     0 | D:1      | Reached XP level 1. HP: 14/14 MP: 1/1
   151 | D:1      | Reached XP level 2. HP: 19/19 MP: 2/2
   410 | D:1      | Reached XP level 3. HP: 22/23 MP: 3/3
  1199 | D:2      | Reached XP level 4. HP: 29/29 MP: 4/4
  1647 | D:2      | Found a deep blue altar of Sif Muna.
  2108 | D:3      | Found a glowing drain.
  2125 | Sewer    | Entered a sewer
  2137 | Sewer    | Reached XP level 5. HP: 28/33 MP: 5/5
  2220 | Sewer    | Noticed a big kobold
  2244 | Sewer    | Killed a big kobold
  2277 | Sewer    | Found a white marble altar of Elyvilon.
  2287 | Sewer    | Became a worshipper of Elyvilon the Healer
  2673 | D:3      | Reached * piety under Elyvilon
  2677 | D:3      | Found a faded altar of an unknown god.
  2970 | D:4      | Reached skill level 1 in Stealth
  3059 | D:4      | Found a radiant altar of Vehumet.
  3219 | D:4      | Reached skill level 1 in Dodging
  3219 | D:4      | Reached XP level 6. HP: 38/38 MP: 6/6
  3314 | D:4      | Noticed Sigmund
  3362 | D:4      | Killed Sigmund
  3362 | D:4      | Reached skill level 5 in Shields
  3474 | D:4      | Reached ** piety under Elyvilon
  3555 | D:4      | Reached XP level 7. HP: 43/43 MP: 7/7
  3566 | D:4      | Found Teydan Naosu's Jewellery Emporium.
  3575 | D:4      | Reached skill level 5 in Armour
  3581 | D:4      | Got a smoking plate armour
  3592 | D:4      | Identified the cursed +0 plate armour of a sewer {Int+2} (You found it on level 4 of the Dungeon)
  3709 | D:4      | Found a glowing silver altar of Zin.
  3814 | D:5      | Entered Level 5 of the Dungeon
  3858 | D:5      | Got a bloodstained ring mail
  3880 | D:5      | Identified the cursed +0 ring mail of Homnubuok {rC+ MR+ Int+2} (You found it on level 5 of the Dungeon)
  4008 | D:5      | Reached skill level 5 in Maces & Flails
  4353 | D:5      | Reached *** piety under Elyvilon
  4432 | D:5      | Gained mutation: You can translocate small distances at will. [mutagenic meat]
  4433 | D:5      | Gained mutation: You are dopey. (Int -2) [mutagenic meat]
  4434 | D:5      | Gained mutation: You are frail. (-10% HP) [mutagenic meat]
  4435 | D:5      | Gained mutation: You are resistant to hostile enchantments. (MR+) [mutagenic meat]
  4454 | D:5      | Found a deep blue altar of Sif Muna.
  4660 | D:5      | Reached XP level 8. HP: 42/43 MP: 8/8
  5158 | D:6      | Noticed Brouzouf's ghost (novice CeHu)
  5184 | D:6      | Killed Brouzouf's ghost
  5184 | D:6      | Reached skill level 5 in Fighting
  5357 | D:6      | Found a sparkling altar of Nemelex Xobeh.
  5453 | D:6      | HP: 2/44 [wight/scimitar of freezing (2)]
  5825 | D:5      | Reached XP level 9. HP: 37/48 MP: 9/9
  7289 | D:7      | Reached **** piety under Elyvilon
  7329 | D:7      | Found a staircase to the Ecumenical Temple.
  7343 | D:7      | Found a bloodstained altar of Trog.
  7566 | D:8      | Noticed tof's ghost (novice DrFE)
  8199 | D:8      | Reached XP level 10. HP: 50/54 MP: 10/10
  8494 | D:9      | Found a shadowy altar of Dithmenos.
  8553 | D:9      | Noticed Erica
  8579 | D:9      | Killed Erica
  8725 | D:9      | Noticed Pikel
  8736 | D:9      | Killed Pikel
  8752 | D:9      | Noticed Joseph
  8780 | D:9      | Killed Joseph
  9183 | D:9      | Reached ***** piety under Elyvilon
  9324 | D:10     | Entered Level 10 of the Dungeon
  9351 | D:10     | Noticed a hill giant
  9699 | D:8      | Reached skill level 10 in Maces & Flails
  9714 | D:8      | Gained mutation: You have sharp fingernails. [mutagenic meat]
  9715 | D:8      | Lost mutation: You are frail. (-10% HP) [mutagenic meat]
  9716 | D:8      | Gained mutation: You are weak. (Str -2) [mutagenic meat]
  9717 | D:8      | Gained mutation: You regenerate slowly when monsters are visible. [mutagenic meat]
  9905 | D:8      | Found a hazy altar of Hepliaklqana.
 10044 | D:8      | Reached XP level 11. HP: 66/66 MP: 11/11
 10180 | D:8      | Killed tof's ghost
 10221 | D:8      | Reached skill level 1 in Invocations
 10514 | D:8      | Lost mutation: You can translocate small distances at will. [potion of cure mutation]
 10514 | D:8      | Lost mutation: You are dopey. (Int -2) [potion of cure mutation]
 10514 | D:8      | Lost mutation: You are weak. (Str -2) [potion of cure mutation]
 10823 | D:10     | Killed a hill giant
 11108 | D:10     | Reached skill level 10 in Shields
 11116 | D:10     | Found Ochum's Distillery.
 11329 | D:11     | Found Kyobat's Gadget Shoppe.
 11329 | D:11     | Found a staircase to the Orcish Mines.
 11329 | D:11     | Noticed Erolcha
 11871 | D:11     | Noticed a hill giant
 11890 | D:11     | Killed a hill giant
 12288 | D:11     | Reached skill level 5 in Dodging
 12328 | D:11     | Noticed a hill giant
 12345 | D:11     | Killed a hill giant
 12478 | D:11     | Found a glowing silver altar of Zin.
 12501 | D:11     | Reached XP level 12. HP: 70/73 MP: 13/13
 12532 | D:11     | Gained mutation: You are partially covered in iridescent scales. (AC +2) [mutagenic meat]
 12533 | D:11     | Gained mutation: You have a pair of small antennae on your head. [mutagenic meat]
 12534 | D:11     | Gained mutation: Your mind is acute. (Int +2) [mutagenic meat]
 12535 | D:11     | Gained mutation: Your spells are a little easier to cast, but a little less powerful. [mutagenic meat]
 12536 | D:11     | Gained mutation: Your spells are easier to cast, but less powerful. [mutagenic meat]
 14095 | D:12     | Noticed a death yak
 14095 | D:12     | Noticed a death yak
 14492 | D:12     | Noticed a minotaur
 14496 | D:12     | Noticed a death yak
 14500 | D:12     | Noticed a death yak
 14501 | D:12     | Noticed a minotaur
 15081 | D:11     | Found a staircase to the Lair.
 15530 | D:11     | Reached XP level 13. HP: 69/80 MP: 14/14
 15624 | D:11     | Killed Erolcha
 16064 | D:11     | Killed a minotaur
 16841 | D:12     | Killed a minotaur
 17165 | Lair:1   | Entered Level 1 of the Lair of Beasts
 18280 | Orc:1    | Entered Level 1 of the Orcish Mines
 18938 | Orc:1    | Noticed Gastronok
 18939 | Orc:1    | Reached skill level 10 in Fighting
 18965 | Orc:1    | Killed Gastronok
 19222 | Orc:1    | Found a roughly hewn altar of Beogh.
 19566 | Orc:2    | Entered Level 2 of the Orcish Mines
 19566 | Orc:2    | Found a staircase to the Elven Halls.
 19568 | Orc:2    | Noticed Sonja
 19568 | Orc:2    | Noticed an orc warlord
 19782 | Orc:2    | Killed an orc warlord
 20052 | Orc:2    | Gained mutation: Your large and strong wings let you fly indefinitely. [Gargoyle growth]
 20052 | Orc:2    | Reached XP level 14. HP: 83/88 MP: 16/16
 20214 | Orc:2    | Found a roughly hewn altar of Beogh.
 20435 | Orc:2    | Cast into level 2 of the Abyss (Sonja)
 20535 | Abyss:2  | Found a corrupted altar of Lugonu.
 20680 | Abyss:2  | Noticed a tentacled starspawn
 20713 | Abyss:2  | Noticed a cacodemon
 20714 | Abyss:2  | Gained mutation: Armour fits poorly on your strangely shaped body. [a cacodemon]
 20718 | Abyss:2  | Gained mutation: Your magical capacity is low. (-10% MP) [a cacodemon]
 20720 | Abyss:2  | Killed from afar by a smoke demon

Skill      XL: |  1  2  3  4  5  6  7  8  9 10 11 12 13 14 |
---------------+-------------------------------------------+-----
Shields        | 4 5 6 8 9 10 12 13 | 13.5
Maces & Flails | 3 4 5 7 8 10 11 12 13 | 13.9
Fighting       | 4 5 6 7 9 10 | 10.5
Armour         | 4 5 6 7 8 9 |  9.0
Stealth        | 1 2 3 |  3.7
Dodging        | 1 2 3 4 5 6 7 |  7.1
Invocations    | 2 3 |  3.2
Evocations     | |  0.3

Action                   |  1- 3 |  4- 6 |  7- 9 | 10-12 | 13-15 || total
-------------------------+-------+-------+-------+-------+-------++-------
Melee: Flail             |   185 |   220 |   462 |  1467 |   736 ||  3070
       Morningstar       |       |       |       |       |     6 ||     6
Invok: Lesser Healing    |       |       |       |    18 |     5 ||    23
       Greater Healing   |       |       |       |     7 |     7 ||    14
 Abil: Evoke Flight      |       |       |       |       |     1 ||     1
       Fly               |       |       |       |       |     1 ||     1
  Use: Potion            |       |     1 |     1 |     4 |     2 ||     8
       Scroll            |       |       |    11 |     5 |     7 ||    23
 Stab: Sleeping          |       |       |       |     1 |     3 ||     4
  Eat: Chunk             |     1 |     8 |    20 |    37 |    20 ||    86
       Bread ration      |       |       |       |     1 |       ||     1
Armor: Scale mail        |   147 |   168 |       |       |       ||   315
       Ring mail         |       |       |   226 |   596 |   224 ||  1046
       Plate armour      |       |       |    25 |       |       ||    25
Dodge: Dodged            |    85 |    87 |   156 |   510 |   233 ||  1071
Block: Shield            |   131 |   123 |   253 |   846 |   464 ||  1817
